 Dungeon Crawl Stone Soup version 0.31-a0-236-g9a0961fb85 (webtiles) character file.

Game seed: 9319479145080333000

67 qw the Shooter (level 4, -3/26 HPs)
             Began as a Gargoyle Hexslinger on July 10, 2023.
             Slain by an ogre
             ... wielding a +0 giant club
              (29 damage)
             ... on level 3 of the Dungeon.
             The game lasted 00:00:43 (2380 turns).

qw the Shooter (Gargoyle Hexslinger)                Turns: 2380, Time: 00:00:43

Health: -3/26      AC:  8    Str: 12    XL:     4   Next: 18%
Magic:  5/5        EV: 10    Int: 13    God:
Gold:   232        SH:  0    Dex: 14    Spells: 4/5 levels left

rFire   . . .        Y - +1 sling
rCold   . . .        (no shield)
rNeg    + . .        d - +0 ring mail
rPois   inf          (no helmet)
rElec   +            (no cloak)
rCorr   .            (no gloves)
SInv    .            (no boots)
Will    .....        (no amulet)
Stlth   +            (no ring)
HPRegen 0.24/turn    (no ring)
MPRegen 0.09/turn

%: no passive effects
@: no status effects
A: sickness immunity, AC +3, negative energy resistance 1, electricity
resistance, torment resistance 1, petrification resistance
a: no special abilities


You were on level 3 of the Dungeon.
You visited 1 branch of the dungeon, and saw 3 of its levels.

You collected 232 gold pieces.


Innate Abilities, Weirdness & Mutations

You are immune to sickness and miasma.
Your stone body is resilient. (AC +3)
You are immune to poison.
You resist negative energy. (rN+)
You are resistant to electric shocks. (rElec)
You are resistant to unholy torment.
You are immune to petrification.


   Skills:
 - Level 2.0 Fighting
 - Level 4.0 Ranged Weapons
 + Level 0.1 Armour
 - Level 1.5 Dodging
 - Level 1.0 Spellcasting
 - Level 2.6 Hexes


You had 4 spell levels left.
You knew the following spells:

 Your Spells              Type           Power      Damage    Failure   Level
a - Slow                  Hex            28%        N/A       22%         1

Your spell library contained the following spells:

 Spells                   Type           Power      Damage    Failure   Level
 Inner Flame              Hex/Fire       4%         N/A       73%         3
 Portal Projectile        Hex/Tloc       8%         N/A       73%         3
 Cause Fear               Hex            3%         N/A       91%         4

Inventory:

Hand Weapons
 Y - a +1 sling (weapon)
Armour
 d - a +0 ring mail (worn)
Jewellery
 e - an amulet of regeneration
Scrolls
 a - 3 scrolls of identify
 g - a scroll of teleportation
 j - a scroll of amnesia {unknown}
Potions
 b - 2 potions of enlightenment
 c - a potion of lignification {unknown}
 f - a potion of haste
 h - 2 potions of heal wounds {unknown}
 i - a potion of curing

Dungeon Overview and Level Annotations

Branches:
Dungeon (3/15)

Altars:


Message History

Enter note:
Enter note:
j - a scroll labelled XEOCKA KYEFIA
Found a stone staircase leading down.
Enter note:
Enter note:
Enter note:
Enter note:
Enter note:
Enter note:
Enter note:
Enter note:
Enter note:
Enter note:
Enter note:
Enter note:
Enter note:
Enter note:
Enter note: You open the door.
There is an open door here.
You enter the shallow water.
Moving in this stuff is going to be slow.
You enter the shallow water.
Moving in this stuff is going to be slow.
There is an escape hatch in the floor here.
An ogre comes into view. It is wielding a +0 giant club.
The ogre shouts!
You hear a shout!
An adder comes into view.
You shoot a sling bullet.
The sling bullet closely misses the ogre.
An orc warrior comes into view.
It is wielding a +1 scimitar of holy wrath.
You shoot a sling bullet. The sling bullet hits the ogre!
The ogre is moderately wounded.
You shoot a sling bullet. The sling bullet hits the ogre.
The ogre is moderately wounded.
A quokka comes into view.
The ogre hits you with a +0 giant club!!
Ouch! That really hurt!
You die...

#...# #..........#....
###.### ###......#.#####
#...# #......+.# #..
###.### ###....### #.#
#...# .. r. #....+.# #.#
#.#.###o###.###....#.# #.#
#.....# ... #.....##.###.#
##.##.###O###...#.##......
#. #...#@#.......###.##.#
##.##...#.#...............
#................#########
##############............
#...########.
#...#......#.
#...#.####.#.
#...#.#)(#.#.
#...#.#....#.


You could see an orc warrior, an ogre and a quokka.

Vanquished Creatures
  3 worms
  A dart slug (D:2)
  An orc (D:3)
  A ball python (D:2)
  6 endoplasms
  3 giant cockroaches
  7 goblins
  4 hobgoblins
  8 jackals
  4 bats
  A frilled lizard (D:2)
  6 kobolds
  A rat (D:1)
46 creatures vanquished.

Notes
Turn   | Place    | Note
-------+----------+-------------------------------------------
     0 | D:1      | qw the Gargoyle Hexslinger began the quest for the Orb.
     0 | D:1      | Reached XP level 1. HP: 12/12 MP: 2/2
     0 | D:1      | 0 ||| qw: Version: 0.3-a-52-g30416fa
     0 | D:1      | 0 ||| qw: Game counter: 4752
     0 | D:1      | 0 ||| qw: Melee chars always use a shield: true
     0 | D:1      | 0 ||| qw: God list: Okawaru
     0 | D:1      | 0 ||| qw: Allow faded altars: false
     0 | D:1      | 0 ||| qw: Do Orc after clearing Dungeon:15 true
     0 | D:1      | 0 ||| qw: Do second Lair branch before Depths: true
     0 | D:1      | 0 ||| qw: Lair rune preference: random
     0 | D:1      | 0 ||| qw: Goals: Normal
     0 | D:1      | 0 ||| PLANNING D:1-11
   155 | D:1      | Reached XP level 2. HP: 12/16 MP: 3/3
   462 | D:1      | Reached skill level 3 in Ranged Weapons
   645 | D:1      | 645 ||| READING 2 scrolls labelled YSAICZUSYP.
   646 | D:1      | 646 ||| READING scroll labelled BOUSUR APNOAMM.
   647 | D:1      | 647 ||| READING scroll labelled NAEKLYOKUJ.
   652 | D:1      | 652 ||| READING 3 scrolls labelled KOIS HOUKU.
   653 | D:1      | 653 ||| DROPPING scroll of poison.
   654 | D:1      | 654 ||| DROPPING 2 scrolls of noise.
   717 | D:2      | Found a faded altar of an unknown god.
   826 | D:2      | Reached XP level 3. HP: 21/21 MP: 4/4
  1199 | D:2      | HP: 2/21 [worm (5)]
  1200 | D:2      | 1200 ||| READING 2 scrolls of teleportation.
  1502 | D:2      | 1502 ||| UPGRADING to +0 ring mail.
  1512 | D:2      | 1512 ||| DROPPING +0 robe.
  1513 | D:2      | 1513 ||| DROPPING ring of wizardry.
  1514 | D:2      | 1514 ||| READING scroll labelled NERETI VIOHU.
  1515 | D:2      | 1515 ||| READING scroll labelled NAYMPA NARIE.
  1516 | D:2      | 1516 ||| DRINKING 2 dark potions.
  1517 | D:2      | 1517 ||| READING 5 scrolls of identify.
  1517 | D:2      | 1517 ||| IDENTIFYING green potion
  1518 | D:2      | 1518 ||| READING 4 scrolls of identify.
  1518 | D:2      | 1518 ||| IDENTIFYING sapphire potion
  1544 | D:3      | Reached XP level 4. HP: 26/26 MP: 5/5
  1624 | D:3      | Reached skill level 4 in Ranged Weapons
  2076 | D:3      | Identified the +8 spear of Suxolad {antimagic, rN+ Str+5
                  | Int-5}
  2377 | D:3      | Noticed an ogre
  2378 | D:3      | Noticed an orc warrior
  2380 | D:3      | Slain by an ogre

Levels and vault maps discovered:
D:1:      dpeg_arrival_fog, layout_basic, minivault_4, hex_medium
D:2:      layout_basic, dreamdust_ecumenical_altar_angels_and_demons,
          nicolae_wormholes
D:3:      wander_river, layout_basic, mainiacjoe_overflow_alcove_2, minivault_5,
          minivault_4, minmay_quantized

Skill      XL: |  1  2  3  4 |
---------------+-------------+-----
Ranged Weapons | 3 4 |  4.0
Fighting       | 2 |  2.0
Armour         | |  0.1
Dodging        | |  1.5
Spellcasting   | |  1.0
Hexes          | |  2.6

Action                     |  1- 3 |  4- 6 || total
---------------------------+-------+-------++-------
   Fire: Sling             |   124 |    31 ||   155
    Use: Scroll            |     9 |       ||     9
         Potion            |     1 |       ||     1
 Armour: Robe              |    22 |       ||    22
         Ring mail         |     1 |     2 ||     3
  Dodge: Dodged            |    29 |     8 ||    37

Table legend:
 A = Non-vault XP
 B = Vault XP
 C = Vault XP percentage of total XP
 D = Non-vault monster count
 E = Vault monster count
 F = Vault count percentage of total count
                 A         B        C        D         E       F
            +---------+---------+-------+---------+---------+-------
      Total |      87 |      10 |  10.3 |      44 |       2 |   4.3
            +---------+---------+-------+---------+---------+-------
        D:1 |      21 |       0 |   0.0 |      13 |       0 |   0.0
        D:2 |      50 |       5 |   9.1 |      23 |       1 |   4.2
        D:3 |      16 |       5 |  23.8 |       8 |       1 |  11.1
            +---------+---------+-------+---------+---------+-------
